AoeStats
← Naattt

Hideout

503192153Analyzed
2v2 RM · 1mo ago on Aug 30, 2026· 18m 30s· 4 players
Game mode
Random Map
Map size
Medium (4 player)
Population
200
Speed
Normal
Resources
Standard
Victory
Conquest
Starting age
Dark Age
Ending age
Imperial Age
RankedLock teamsTeams togetherTeam positionsShared explorationLock speedFull tech treeHidden civsTurbo modeCheats
Victory
Defeat
🇨🇳 Teutons · China
1256
+15
🇨🇳 Cumans · China
1197
+18
🇺🇸 Vikings · United States
1277
-18
🇨🇦 Mongols · Canada
1183
-14
sherryspk
6:36 Loom
8:58 Feudal Age
11:25 Fletching
2038413966
9:13 Feudal Age
10:17 Loom
10:15 Man-at-Arms
11:07 Double-Bit Axe
Cactusman
8:39 Loom
10:43 Feudal Age
20:48 Castle Age
Naattt
9:20 Feudal Age
7:37 Loom
Connection lost

Rejoining the realm…

Still unreachable

The connection could not be restored.

Session expired

The server has moved on; the page needs a fresh start.